 Dungeon Crawl Stone Soup version 0.22-a0-614-g34fbaa0 (webtiles) character file.

32 EloyTheNewbi the Covered (level 3, 0/29 HPs)
             Began as a Human Fighter on July 12, 2018.
             Succumbed to an adder's poison
             ... on level 2 of the Dungeon.
             The game lasted 00:03:37 (656 turns).

EloyTheNewbi the Covered (Human Fighter)             Turns: 656, Time: 00:03:37

Health: 0/29       AC: 12    Str: 16    XL:     3   Next: 45%
Magic:  3/3        EV:  2    Int:  8    God:
Gold:   78         SH:  9    Dex: 13    Spells: 2/2 levels left

rFire    . . .     SeeInvis .   a - +0 long sword
rCold    . . .     Gourm    .   c - +0 shield
rNeg     . . .     Faith    .   g - +0 plate armour
rPois    .         Spirit   .   (no helmet)
rElec    .         Reflect  .   (no cloak)
rCorr    .         Harm     .   (no gloves)
MR       .....                  i - +0 pair of boots
Stlth    ..........             (no amulet)
HPRegen  0.09/turn              (no ring)
MPRegen  0.08/turn              (no ring)

@: lethally poisoned (0 -> -8), hasted, very quick
A: no striking features
a: no special abilities


You were on level 2 of the Dungeon.
You were not hungry.

You visited 1 branch of the dungeon, and saw 2 of its levels.

You collected 78 gold pieces.

Inventory:

Hand Weapons
 a - a +0 long sword (weapon)
Missiles
 k - a stone (quivered)
Armour
 b - a +0 scale mail
 c - a +0 shield (worn)
 g - a +0 plate armour (worn)
 i - a +0 pair of boots (worn)
Scrolls
 e - 2 scrolls of identify {unknown}
 h - a scroll of teleportation {unknown}
 j - a scroll of remove curse
Potions
 d - a potion of might
 l - a potion of heal wounds {unknown}
Comestibles
 f - a ration
 m - 2 chunks of flesh


   Skills:
 + Level 3.2 Fighting
 + Level 2.3 Long Blades
 + Level 3.4 Armour
 + Level 0.1 Dodging
 + Level 3.3 Shields


You had 2 spell levels left.
You didn't know any spells.
Your spell library was empty.

Dungeon Overview and Level Annotations

Branches:
Dungeon (2/15)

Altars:


Message History

You feel sick. You block the adder's attack.
The adder bites you but does no damage.
You closely miss the adder. The adder bites you but does no damage.
You closely miss the adder. You block the adder's attack. x2
Your plate armour prevents you from hitting the adder.
You feel sick.
You are no longer poisoned.
The adder bites you but does no damage. The adder bites you.
* * * LOW HITPOINT WARNING * * *
You are poisoned.
The adder poisons you!
You hit the adder.
The adder is heavily wounded.
* * * LOW HITPOINT WARNING * * *
You feel sick. You block the adder's attack. The adder bites you.
* * * LOW HITPOINT WARNING * * *
You are more poisoned.
The adder poisons you!
It was a potion of haste.
You feel yourself speed up.
You die...

##.# #####....#
...# #.......##
#### #.###.#.#
####.....#.#
............#
.#######..###
####.#
..)......#
.....#
######...######.
######
......#@S......
#####...#######
##.## #. #. #.
#. #.


You could see an adder.

Vanquished Creatures
  An adder (D:2)
  A worm (D:2)
  A dart slug (D:1)
  4 bats
  3 goblins
  3 hobgoblins (D:1)
  2 kobolds (D:1)
  3 frilled lizards
18 creatures vanquished.

Notes
Turn   | Place    | Note
-------+----------+-------------------------------------------
     0 | D:1      | EloyTheNewbi the Human Fighter began the quest for the Orb.
     0 | D:1      | Reached XP level 1. HP: 18/18 MP: 1/1
   175 | D:1      | Reached XP level 2. HP: 24/24 MP: 2/2
   453 | D:2      | Reached XP level 3. HP: 29/29 MP: 3/3
   655 | D:2      | HP: 1/29 [adder (4)]
   656 | D:2      | Succumbed to an adder's poison

Vault maps used:
D:1:      doesnt_arrival_eight_statues
D:2:      nicolae_overflow_crystal_walls

Action                   || total
-------------------------++-------
Melee: Long sword        ||    85
  Use: Scroll            ||     1
       Potion            ||     1
Armor: Scale mail        ||    38
       Plate armour      ||    29
Dodge: Dodged            ||    20
Block: Shield            ||    59
       Rpst.: Long sword ||     4

Table legend:
 A = Spawn XP
 B = Non-spawn XP
 C = Spawn XP percentage of total XP
 D = Spawn monster count
 E = Non-spawn monster count
 F = Spawn count percentage of total count
 G = Total turns spent on level
                    A         B        C        D         E        F      G
               +---------+---------+-------+---------+---------+-------+---------
         Total |       0 |      47 |   0.0 |       0 |      18 |   0.0 |   656
               +---------+---------+-------+---------+---------+-------+---------
           D:1 |       0 |      24 |   0.0 |       0 |      13 |   0.0 |   421
           D:2 |       0 |      23 |   0.0 |       0 |       5 |   0.0 |   235
               +---------+---------+-------+---------+---------+-------+---------
